 Dungeon Crawl Stone Soup version 0.26-a0-30-g56b8cd3df0 (webtiles) character file.

Game seed: 6937277833122048213, levelgen mode: deterministic

49 Lanoc the Poker (level 3, 0/28 HPs)
             Began as a Merfolk Gladiator on May 31, 2020.
             Slain by a leopard gecko (5 damage)
             ... on level 2 of the Dungeon.
             The game lasted 00:02:36 (1398 turns).

Lanoc the Poker (Merfolk Gladiator)                 Turns: 1398, Time: 00:02:37

Health: 0/28       AC:  4    Str: 14    XL:     3   Next: 77%
Magic:  3/3        EV: 14    Int:  7    God:
Gold:   52         SH:  4    Dex: 16    Spells: 2/2 levels left

rFire    . . .     SeeInvis .   a - +0 trident
rCold    . . .     Gourm    .   g - +0 buckler
rNeg     . . .     Faith    .   b - +0 leather armour
rPois    .         Spirit   .   c - +0 helmet
rElec    .         Reflect  .   (no cloak)
rCorr    .         Harm     .   (no gloves)
MR       .....                  (no boots)
Stlth    +.........             (no amulet)
HPRegen  0.09/turn              (no ring)
MPRegen  0.08/turn              (no ring)

@: berserk cooldown, very slightly contaminated, slowed, very slow
A: change form in water, swift swim, stealthy swim
a: no special abilities


You were on level 2 of the Dungeon.
You were hungry.

You visited 1 branch of the dungeon, and saw 2 of its levels.

You collected 52 gold pieces.

Inventory:

Hand Weapons
 a - a +0 trident (weapon)
Missiles
 d - 2 throwing nets (quivered)
 p - 6 boomerangs of dispersal
Armour
 b - a +0 leather armour (worn)
 c - a +0 helmet (worn)
 g - a +0 buckler (worn)
 h - a +0 tower shield
Scrolls
 i - a scroll of random uselessness
 j - 2 scrolls of fog
 l - 2 scrolls of remove curse
Comestibles
 f - 3 rations


   Skills:
 + Level 2.8 Fighting
 * Level 5.5 Polearms
 - Level 2.0 Throwing
 + Level 4.5 Dodging
 + Level 1.0 Shields


You had 2 spell levels left.
You didn't know any spells.
Your spell library was empty.

Dungeon Overview and Level Annotations

Branches:
Dungeon (2/15)

Altars:

Annotations:
D:2 Jessica, Robin


Message History

* * * LOW HITPOINT WARNING * * *
Blink to where?
Press: ? - help, Dir - move target cursor, p - Robin You are very lightly contaminated with residual magic.
As you read the scroll labeled GOC HIOHETS, it crumbles to dust.
It was a scroll of blinking.
The giant cockroach barely misses you.
Jessica shouts!
The leopard gecko hisses angrily.
The giant cockroach bites you but does no damage.
The giant cockroach bites you but does no damage.
You block the giant cockroach's attack.
Robin says, "Bow before me, strongest of all the hobgoblins!"
The leopard gecko closely misses you.
The leopard gecko bites you but does no damage.
You block the giant cockroach's attack. The leopard gecko closely misses you.
The giant cockroach closely misses you.
Jessica gestures wildly while chanting.
Jessica blinks!
The giant cockroach barely misses you. You block the giant cockroach's attack.
The leopard gecko bites you.
You die...

....).......##.#.##...#.# *.#
....§######.........#.#.#####.###
....g§§§g§............#..........
....####§....##..................
....###§§...........#*#..........
....##..####........###÷.........
..####.......###@...........#####
....##......####...###.......#
......(.......gs@.<.....##.###
...###.##.###..l...........#
..÷.##....#*#....#.###...###
.....###..#........# ##...,*
..........#......#.# *#....****
#.........#......#.# *,.#...,,*
#....#....#.....##.#**,****,*,*
##..g#..........##.#*,,* *,*,*
#..gg,....,...,*#.#,,** *,,,***


You could see Robin, Jessica, a leopard gecko and a giant cockroach.

Vanquished Creatures
  A worm (D:2)
  2 dart slugs (D:1)
  A leopard gecko (D:1)
  11 goblins
  2 hobgoblins (D:2)
  6 jackals
  A kobold (D:1)
  7 bats
  4 frilled lizards (D:1)
  5 rats
40 creatures vanquished.

Notes
Turn   | Place    | Note
-------+----------+-------------------------------------------
     0 | D:1      | Lanoc the Merfolk Gladiator began the quest for the Orb.
     0 | D:1      | Reached XP level 1. HP: 16/16 MP: 1/1
   141 | D:1      | Reached XP level 2. HP: 23/23 MP: 2/2
   297 | D:1      | Reached skill level 5 in Polearms
   545 | D:1      | Reached XP level 3. HP: 10/28 MP: 3/3
  1017 | D:2      | Noticed Robin
  1370 | D:2      | Reached skill level 1 in Shields
  1382 | D:2      | Noticed Jessica
  1398 | D:2      | Slain by a leopard gecko

Illustrated notes

Levels and vault maps discovered:
D:1:      eino_arrival_tree_alley, layout_loops_ring, serial_park_tiny_pond
D:2:      layout_rooms, dk_noncrumbling_4, uniq_jessica, uniq_robin

Skill      XL: |  1  2  3 |
---------------+----------+-----
Polearms       | 5 |  5.5
Shields        | 1 |  1.0
Fighting       | |  2.8
Throwing       | |  2.0
Dodging        | |  4.5

Action                   || total
-------------------------++-------
Melee: Trident           ||   137
Throw: Throwing net      ||     1
  Use: Scroll            ||     5
       Potion            ||     2
 Stab: Sleeping          ||     1
  Eat: Chunk             ||     1
Armor: Leather armour    ||    48
Dodge: Dodged            ||   115
Block: Buckler           ||    18

Table legend:
 A = Non-vault XP
 B = Vault XP
 C = Vault XP percentage of total XP
 D = Non-vault monster count
 E = Vault monster count
 F = Vault count percentage of total count
                 A         B        C        D         E       F
            +---------+---------+-------+---------+---------+-------
      Total |      52 |      19 |  26.8 |      29 |      11 |  27.5
            +---------+---------+-------+---------+---------+-------
        D:1 |      38 |       2 |   5.0 |      22 |       1 |   4.3
        D:2 |      14 |      17 |  54.8 |       7 |      10 |  58.8
            +---------+---------+-------+---------+---------+-------
